 Dungeon Crawl Stone Soup version 0.28-a0-1435-g82390b3a13 (webtiles) character file.

Game seed: 1374776704789277033

46 dolemite99 the Twirler (level 3, -2/27 HPs)
             Began as a Demonspawn Gladiator on Jan 10, 2022.
             Slain by a gnoll (5 damage)
             ... on level 2 of the Dungeon.
             The game lasted 00:01:05 (1505 turns).

dolemite99 the Twirler (Demonspawn Gladiator)       Turns: 1505, Time: 00:01:06

Health: -2/27      AC:  4    Str: 16    XL:     3   Next: 46%
Magic:  3/3        EV: 12    Int:  9    God:
Gold:   32         SH:  0    Dex: 14    Spells: 2/2 levels left

rFire   . . .      SeeInvis .   a - +0 quarterstaff
rCold   . . .      Faith    .   (shield currently unavailable)
rNeg    . . .      Spirit   .   b - +0 leather armour
rPois   .          Reflect  .   c - +0 helmet
rElec   .          Harm     .   (no cloak)
rCorr   .          Rampage  .   (no gloves)
Will    .....                   (no boots)
Stlth   +.........              (no amulet)
HPRegen 0.09/turn               (no ring)
MPRegen 0.08/turn               (no ring)

@: no status effects
A: claws 1, hooves 1
a: no special abilities


You were on level 2 of the Dungeon.
You visited 1 branch of the dungeon, and saw 2 of its levels.

You collected 32 gold pieces.

Inventory:

Hand Weapons
 a - a +0 quarterstaff (weapon)
Missiles
 d - 3 throwing nets (quivered)
 e - 59 stones
 f - 14 bolts
Armour
 b - a +0 leather armour (worn)
 c - a +0 helmet (worn)
Scrolls
 i - a scroll of identify {unknown}
Potions
 g - a potion of curing {unknown}
 h - a potion of brilliance {unknown}


   Skills:
 - Level 2.0 Fighting
 - Level 3.3 Staves
 - Level 1.7 Throwing
 - Level 2.6 Dodging
 + Level 2.1 Unarmed Combat


You had 2 spell levels left.
You didn't know any spells.
Your spell library contained the following spells:

 Spells                   Type           Power      Damage    Failure   Level
 Gell's Gravitas          Tloc           0%         N/A       83%         3
 Lesser Beckoning         Tloc           0%         N/A       83%         3
 Teleport Other           Tloc           0%         N/A       83%         3


Dungeon Overview and Level Annotations

Branches:
Dungeon (2/15)

Altars:


Innate Abilities, Weirdness & Mutations

You have sharp fingernails.
You have large cloven feet.


Message History

You kill the ball python!
You see here a ball python corpse.
No target in view!
No target in view!
No target in view!
A rat comes into view.
You see here 10 gold pieces.
You hit the rat.
You kill the rat!
You now have 32 gold pieces (gained 10).
There are no items here.
No target in view!
Found a leather armour.
No target in view!
You see here a +0 leather armour. 3 gnolls come into view.
The gnoll shouts! x3
The gnoll closely misses you.
There are monsters nearby!
Found 4 stones.
An endoplasm comes into view.
The gnoll closely misses you.
You completely miss the gnoll.
The endoplasm quivers.
The gnoll completely misses you.
You hit the gnoll. Your kick misses the gnoll.
The gnoll is moderately wounded.
The gnoll hits you with a +0 halberd. The gnoll closely misses you.
You sock the gnoll!
You kill the gnoll!
Your Unarmed Combat skill increases to level 2!
You hit the gnoll but do no damage. You kick the gnoll.
The gnoll is moderately wounded.
The gnoll hits you with a +0 flail!
You barely miss the gnoll.
The gnoll is moderately wounded.
The gnoll hits you with a +0 flail!
* * * LOW HITPOINT WARNING * * *
The gnoll hits you from afar with a +0 halberd.
You die...

...............
#.##
......⌠........
##...
...............
..^...
##8##...##8###8
######
####...#### #..
#8...8# . ##.#
##...## ... ....
#...#######....(
.....
##...##..@ggJ....
.....
#8...8#.#########
#### ##...##[#
#......# ########


You could see 2 gnolls and an endoplasm.

Vanquished Creatures
  A gnoll (D:2)
  3 dart slugs
  An endoplasm (D:1)
  2 giant cockroaches (D:1)
  4 goblins
  3 hobgoblins
  3 kobolds
  A quokka (D:1)
  4 ball pythons
  3 bats
  A frilled lizard (D:1)
  3 rats (D:2)
29 creatures vanquished.

Notes
Turn   | Place    | Note
-------+----------+-------------------------------------------
     0 | D:1      | dolemite99 the Demonspawn Gladiator began the quest for the
                  | Orb.
     0 | D:1      | Reached XP level 1. HP: 16/16 MP: 1/1
   116 | D:1      | Reached skill level 3 in Staves
   283 | D:1      | Discovered your monstrous ancestry.
   283 | D:1      | Gained mutation: You have sharp fingernails. [demonic
                  | ancestry]
   283 | D:1      | Reached XP level 2. HP: 19/22 MP: 2/2
   864 | D:1      | Reached skill level 1 in Unarmed Combat
  1371 | D:2      | Gained mutation: You have large cloven feet. [demonic
                  | ancestry]
  1371 | D:2      | Reached XP level 3. HP: 27/27 MP: 3/3
  1505 | D:2      | Slain by a gnoll

Illustrated notes

Levels and vault maps discovered:
D:1:      lemuel_arrival_room, layout_loops_ring, chequers_serial_rivers_small_b
D:2:      layout_basic, hellmonk_ecumenical_altar_inner_sanctum,
          serial_corexii_hall, chequers_hall_statues_wall_a,
          corexii_hall_statues_x, corexii_hall_statues_x, corexii_hall_statues_u

Skill      XL: |  1  2  3 |
---------------+----------+-----
Staves         | 3 |  3.3
Unarmed Combat | 1 2 |  2.1
Fighting       | |  2.0
Throwing       | |  1.7
Dodging        | |  2.6

Action                   || total
-------------------------++-------
Melee: Quarterstaff      ||    77
       Kick              ||     4
Armor: Leather armour    ||    13
Dodge: Dodged            ||    51

Table legend: (Time is in decaauts)
 A = Elapsed time spent in this place.
 B = Non-inter-level travel time spent in this place.
 C = Inter-level travel time spent in this place.
 D = Time resting spent in this place.
 E = Time spent auto-exploring this place.
 F = Levels seen in this place.
 G = Mean time per level.
                   A        B        C        D        E       F      G
               +--------+--------+--------+--------+--------+-----+--------+
         Total |   1517 |   1509 |      8 |    256 |    990 |   2 |  758.5 |
       Dungeon |   1517 |   1509 |      8 |    256 |    990 |   2 |  758.5 |
               +--------+--------+--------+--------+--------+-----+--------+

Top non-repeatable levels by time:
     D:1: 1191 daAuts
     D:2: 326 daAuts
